 Dungeon Crawl Stone Soup version 0.30-a0-778-g2ef04afb54 (webtiles) character file.

Game seed: 8936682823137773956

26409 kae the Protected (level 13, -10/80 HPs)
             Began as a Gargoyle Earth Elementalist on Feb 16, 2023.
             Was a High Priest of Vehumet.
             Hit by a large rock thrown by a stone giant (22 damage)
             ... in a volcano.
             The game lasted 00:19:06 (16129 turns).

kae the Protected (Gargoyle Earth Elementalist)    Turns: 16129, Time: 00:19:06

Health: -10/80     AC: 25    Str: 16    XL:     13   Next: 25%
Magic:  0/25       EV: 14    Int: 26    God:    Vehumet [*****.]
Gold:   1038       SH:  0    Dex: 10    Spells: 6/29 levels left

rFire   + . .      SeeInvis +    T - +8 trident "Uryfua" {flame, Str+3 SInv}
rCold   . . .      Faith    .    (no shield)
rNeg    + . .      Spirit   +    U - +2 troll leather armour {Snorg}
rPois   ∞          Reflect  .    m - +1 helmet
rElec   +          Harm     .    (no cloak)
rCorr   .          Rampage  .    d - +2 pair of gloves
Will    .....                    r - +0 pair of boots
Stlth   ++                       G - amulet of guardian spirit
HPRegen 1.13/turn                I - +6 ring of intelligence
MPRegen 0.19/turn                F - ring of protection from fire

@: no status effects
A: sickness immunity, AC +9, negative energy resistance 1, electricity
resistance, torment resistance 1, petrification resistance
a: Renounce Religion


You were in a volcano.
You worshipped Vehumet.
Vehumet was extremely pleased with you.
You visited 3 branches of the dungeon, and saw 14 of its levels.
You also visited: Ossuary and Volcano.

You collected 1038 gold pieces.


Innate Abilities, Weirdness & Mutations

You are immune to sickness and miasma.
Your stone body is resilient. (AC +9)
You are immune to poison.
You resist negative energy. (rN+)
You are resistant to electric shocks. (rElec)
You are resistant to unholy torment.
You are immune to petrification.


   Skills:
 - Level 9.1 Fighting
 - Level 11.6 Armour
 - Level 8.0 Dodging
 - Level 2.1 Stealth
 + Level 8.7 Spellcasting
 + Level 9.0 Conjurations
 - Level 2.0 Transmutations
 + Level 10.9 Earth Magic


You had 6 spell levels left.
You knew the following spells:

 Your Spells              Type           Power      Damage    Failure   Level
a - Sandblast             Erth           100%       2d20      1%          1
b - Stone Arrow           Conj/Erth      100%       3d13      1%          3
c - Passwall              Tmut/Erth      36%        N/A       1%          2
d - Petrify               Tmut/Erth      44%        N/A       4%          4
e - Lehudib's Crystal Sp  Conj/Erth      29%        10d8      82%         8
f - Iskenderun's Battles  Conj           55%        2d11      1%          5

Your spell library contained the following spells:

 Spells                   Type           Power      Damage    Failure   Level
 Iron Shot                Conj/Erth      29%        9d6       4%          6
 Momentum Strike          Conj/Tloc      68%        3d9       1%          2
 Inner Flame              Hex/Fire       11%        N/A       5%          3
 Necrotise                Necr           44%        1d6       6%          1
 Animate Armour           Summ/Erth      78%        N/A       6%          4
 Blink                    Tloc           22%        N/A       9%          2
 Lesser Beckoning         Tloc           22%        N/A       9%          2
 Vampiric Draining        Necr           11%        2d6       19%         3
 Conjure Ball Lightning   Conj/Air       17%        3x3d6     34%         6
 Animate Dead             Necr           11%        N/A       52%         4
 Cause Fear               Hex            5%         N/A       52%         4
 Passage of Golubria      Tloc           11%        N/A       52%         4
 Agony                    Necr           11%        N/A       86%         5
 Silence                  Hex/Air        5%         N/A       86%         5
 Summon Forest            Summ/Tloc      5%         N/A       86%         5
 Summon Mana Viper        Hex/Summ       11%        N/A       86%         5
 Summon Cactus Giant      Summ           5%         N/A       100%        6
 Haunt                    Necr/Summ      5%         N/A       100%        7
 Discord                  Hex            5%         N/A       100%        8
 Disjunction              Tloc           5%         N/A       100%        8
 Infestation              Necr           5%         N/A       100%        8

Inventory:

Hand Weapons
 l - a +1 spear of flaming
   (You took it off Robin on level 2 of the Dungeon)
 T - the +8 trident "Uryfua" (weapon) {flame, Str+3 SInv}
   (You found it on level 8 of the Dungeon)

   Str:       It affects your strength (+3).
   SInv:      It lets you see invisible.
Missiles
 f - 17 poisoned darts
 k - 28 stones
Armour
 a - a +0 robe
 d - a +2 pair of gloves (worn)
   (You found it on level 3 of the Dungeon)
 m - a +1 helmet (worn)
   (You took it off Robin on level 2 of the Dungeon)
 r - a +0 pair of boots (worn)
   (You found it on level 3 of the Dungeon)
 U - a +2 troll leather armour (worn) {Snorg}
   (You found it on level 3 of the Lair of Beasts)
Magical Staves
 E - a staff of cold {!a}
   (You found it on level 1 of the Lair of Beasts)
Jewellery
 i - a +6 ring of intelligence
   (You found it on level 7 of the Dungeon)
 F - a ring of protection from fire (right hand)
   (You found it on level 3 of the Dungeon)
 G - an amulet of guardian spirit (around neck)
   (You found it on level 3 of the Lair of Beasts)
 I - a +6 ring of intelligence (left hand)
   (You found it on level 1 of the Dungeon)
 N - a ring of positive energy
   (You found it on level 4 of the Dungeon)
 R - a ring of resist corrosion
   (You found it on level 5 of the Dungeon)
 S - a +6 ring of strength
   (You found it on level 7 of the Dungeon)
Wands
 C - a wand of charming (6)
   (You found it on level 5 of the Dungeon)
 M - a wand of mindburst (6)
   (You found it on level 8 of the Dungeon)
 Q - a wand of flame (11)
   (You found it on level 3 of the Lair of Beasts)
 V - a wand of iceblast (6)
   (You took it off Nessos on level 4 of the Lair of Beasts)
Scrolls
 n - 8 scrolls of amnesia
 t - 4 scrolls of enchant armour
 v - 6 scrolls of fog
 w - a scroll of silence {!r}
 x - 3 scrolls of immolation {!r!r}
 y - 3 scrolls of vulnerability {!r!r}
 A - a scroll of magic mapping {!r}
 D - 4 scrolls of enchant weapon
 H - a scroll of fear
 L - 6 scrolls of teleportation {@r4}
Potions
 b - a potion of magic
 c - 6 potions of flight
 e - 3 potions of berserk rage {!q}
 g - 4 potions of attraction {!q}
 h - a potion of ambrosia
 j - 5 potions of curing {@q1}
 o - 2 potions of mutation {!q}
 p - 5 potions of heal wounds {@q2}
 q - a potion of cancellation
 s - 8 potions of lignification {!q}
 z - a potion of invisibility
 B - a potion of brilliance
 J - a potion of resistance {unknown}
 K - 4 potions of degeneration {!q}
 O - 2 potions of might
 P - 3 potions of haste {@q3}
Miscellaneous
 u - a box of beasts (inert)
   (You found it on level 1 of the Lair of Beasts)

Dungeon Overview and Level Annotations

Branches:
Dungeon (9/15) Zot: 25681  Temple (1/1) D:5 Zot: 5694    Lair (4/5) D:8 Zot: 18935
 Shoals (0/4) Lair:3        Snake (0/4) Lair:3        Slime (0/5) Lair:4
    Orc (0/2) D:9         Ossuary (visited)         Volcano (1/1) Zot: 5616

Altars:
Ashenzari
Cheibriados
Dithmenos
Elyvilon
Fedhas
Gozag
Hepliaklqana
Kikubaaqudgha
Makhleb
Nemelex Xobeh
Okawaru
Qazlal
Ru
Sif Muna
Trog
Uskayaw
Vehumet
Wu Jian
Xom
Yredelemnul
Zin
The Shining One
Jiyva

Shops:
D:6 ?

Annotations:
D:3 exclusion: dart slug, Grinder
Lair:1 3 runed translucent doors, Uhykki's ghost, journeyman DjFE

...#
#..§§§≈≈≈≈§≈≈≈§
...#
#.#§.§§≈§§≈≈≈≈§
#..#
####.§≈≈≈≈§≈≈≈§
#..## ##...≈≈§≈≈≈§
#..## ##....≈≈§≈§≈≈
#..###8.....≈≈≈≈≈§
#∩.')......≈≈§≈≈§§
##..###8......§≈§§§
+#.@##
####....≈≈§≈≈ #).##
##.#§..... #.9##
####.#### .C..# ###
#....# ##... #.. ##


You could see a stone giant and a gargoyle.


Message History

The efreet gestures at you.
The bolt of fire hits you but does no damage.
Your Conjurations skill increases to level 9! 😮 HP[+1] MP[-2]
You lost 2 mp, and now have 2/25 mp.
Casting: Stone Arrow (safe; 1% risk of failure)
Confirm with . or Enter, or press ? or * to list all spells.
Aiming: Sandblast (safe; 1% risk of failure)
Press: ? - help, Shift-Dir - straight line, f - efreet
Aim: an efreet, wielding a +1 scimitar of flaming (95% to hit)
The blast of sand hits the efreet but does no damage.
The efreet gestures at you.
The fireball explodes!
The fireball engulfs you! You resist.
* * * LOW HITPOINT WARNING * * *
The fireball engulfs the efreet.
The efreet completely resists.
The efreet hits you with a +1 scimitar of flaming.
* * * LOW HITPOINT WARNING * * *
Casting: Sandblast (safe; 1% risk of failure)
Confirm with . or Enter, or press ? or * to list all spells.
Aiming: Sandblast (safe; 1% risk of failure)
Press: ? - help, Shift-Dir - straight line, f/p - efreet
Aim: an efreet, wielding a +1 scimitar of flaming (95% to hit)
The blast of sand hits the efreet!
The efreet hits you with a +1 scimitar of flaming.
* * * LOW HITPOINT WARNING * * *
The efreet burns you.
* * * LOW HITPOINT WARNING * * *
😨 HP[-16] MP[-2]
You take 16 damage, and now have 32/80 hp.
You lost 2 mp, and now have 0/25 mp.
Casting: Sandblast (safe; 1% risk of failure)
Confirm with . or Enter, or press ? or * to list all spells.
You don't have enough magic to cast this spell.
Casting: Sandblast (safe; 1% risk of failure)
Confirm with . or Enter, or press ? or * to list all spells.
You don't have enough magic to cast this spell.
You barely miss the efreet. The efreet hits you but does no damage.
The efreet barely misses you. 😨 HP[+2] MP[+1]
You regained 2 hp, and now have 34/80 hp.
You hit the efreet.
The efreet hits you but does no damage. 😨 HP[+1]
You hit the efreet.
A gargoyle comes into view. It is wielding a +0 mace.
The efreet gestures at you.
The fireball explodes!
The fireball engulfs you. You resist.
* * * LOW HITPOINT WARNING * * *
The fireball engulfs the efreet.
The efreet completely resists.
You hear a shout!
Unknown command. 😨 HP[-3]
You take 3 damage, and now have 32/80 hp.
You hit the efreet but do no damage. The efreet gestures at you.
The fireball explodes!
The fireball engulfs you. You resist.
* * * LOW HITPOINT WARNING * * *
The fireball engulfs the efreet.
The efreet completely resists.
The efreet hits you but does no damage.
The gargoyle hurls a stone arrow at you.
The stone arrow misses you. 😨 HP[-4]
You take 4 damage, and now have 28/80 hp.
You hit the efreet but do no damage.
The efreet closely misses you. 😨 HP[+2] MP[+1]
You regained 2 hp, and now have 30/80 hp.
Unknown command.
Magic courses through your body.
The efreet hits you but does no damage. 😨 HP[+1] MP[+16]
You regained 16 mp, and now have 18/25 mp.
Casting: Sandblast (safe; 1% risk of failure)
Confirm with . or Enter, or press ? or * to list all spells.
Aiming: Stone Arrow (safe; 1% risk of failure)
Press: ? - help, Shift-Dir - straight line, f/p - efreet
Aim: an efreet, wielding a +1 scimitar of flaming (heavily wounded, 92% to hit)
The stone arrow hits the efreet!!
The gargoyle hurls a stone arrow at you.
The stone arrow hits you!!
* * * LOW HITPOINT WARNING * * *
The efreet hits you with a +1 scimitar of flaming!
* * * LOW HITPOINT WARNING * * *
The efreet burns you. 😱 HP[-21] MP[-14]
You take 21 damage, and now have 10/80 hp.
MASSIVE DAMAGE!! (PAUSE)
You lost 14 mp, and now have 4/25 mp.
Casting: Stone Arrow (safe; 1% risk of failure)
Confirm with . or Enter, or press ? or * to list all spells.
Aiming: Stone Arrow (safe; 1% risk of failure)
Press: ? - help, Shift-Dir - straight line, f/p - efreet
Aim: an efreet, wielding a +1 scimitar of flaming (almost dead, 92% to hit)
The stone arrow hits the efreet.
You kill the efreet!
Vehumet accepts your kill.
A stone giant comes into view.
The gargoyle misses you. 😱 HP[+1] MP[-3]
You lost 3 mp, and now have 1/25 mp.
Unknown command.
The stone giant throws a large rock.
The large rock hits you!!
You die...

Skill      XL: |  1  2  3  4  5  6  7  8  9 10 11 12 13 |
---------------+----------------------------------------+-----
Earth Magic    | 4 5 6 7 8 10 | 10.9
Conjurations   | 1 2 3 5 6 8 9 |  9.0
Spellcasting   | 3 4 5 6 8 |  8.7
Fighting       | 2 9 |  9.1
Dodging        | 3 8 |  8.0
Transmutations | 2 |  2.0
Armour         | 4 11 | 11.6
Stealth        | |  2.1

Action                     |  1- 3 |  4- 6 |  7- 9 | 10-12 | 13-15 || total
---------------------------+-------+-------+-------+-------+-------++-------
  Melee: Unarmed           |    17 |       |       |       |       ||    17
         Spear             |       |    18 |     8 |    31 |       ||    57
         Trident           |       |       |       |   154 |     6 ||   160
         Punch             |       |       |       |     1 |       ||     1
   Cast: Sandblast         |    53 |    93 |   103 |   258 |    21 ||   528
         Stone Arrow       |       |       |    21 |   166 |    41 ||   228
         Petrify           |       |       |       |     2 |       ||     2
         Iskenderun's Batt |       |       |       |     7 |       ||     7
  Evoke: Box of beasts     |       |       |       |       |     1 ||     1
    Use: Scroll            |       |    13 |     4 |    12 |     1 ||    30
         Potion            |       |     2 |       |     3 |     1 ||     6
 Armour: Robe              |     7 |    14 |    34 |   200 |       ||   255
         Skin              |       |   157 |       |       |       ||   157
         Troll leather arm |       |       |       |    61 |    14 ||    75
  Dodge: Dodged            |    19 |    40 |    45 |   324 |    18 ||   446

Levels and vault maps discovered:
D:1:      mrwooster_arrival_statue, layout_basic, minmay_distorted
D:2:      layout_basic, kennysheep_generic_room_6, uniq_robin
D:3:      minmay_wonky_spiral, layout_rooms, uniq_grinder
D:4:      layout_basic, lemuel_round_altar, lightli_ossuary_entry_decrepit_ruins
D:5:      layout_basic, mainiacjoe_overflow_brackets, mainiacjoe_overflow_paths,
          temple_statues, wad_rectangle_vault
D:6:      layout_rooms, okawaru_trees_2, serial_shops, nicolae_diamond_shop,
          minmay_increasing_density
D:7:      cheibrodos_fertilizer, layout_basic,
          grunt_temple_overflow_gold_and_silver, uniq_maggie
D:8:      layout_basic, due_lair_maze_entry_diamond, lightli_church_of_beogh
D:9:      layout_cave_pools, lemuel_blue_sif_altar, orc_0_dummy, uniq_amaemon
Temple:   nicolae_temple_bog_church
Lair:1:   layout_loops_ring, gammafunk_ghost_split, serial_bayou_shore_b,
          uniq_grum
Lair:2:   layout_cellular_growth, gauntlet_entry_generic, guppyfry_lair_drakes
Lair:3:   lemuel_ratsnest, layout_loops_ring,
          minmay_shoals_entry_lonely_mermaid, kilobyte_rumbling_trees,
          uniq_snorg
Lair:4:   layout_big_grid, slime_entry_1, enter_volcano_4,
          chequers_serial_rivers_small_b, uniq_nessos
Volcano:  volcano_grotto [vgs_dualism]

Notes
Turn   | Place    | Note
-------+----------+-------------------------------------------
     0 | D:1      | kae the Gargoyle Earth Elementalist began the quest for the
                  | Orb.
     0 | D:1      | Reached XP level 1. HP: 10/10 MP: 3/3
     0 | D:1      | magus.rc [v1.11.3]
    67 | D:1      | Reached XP level 2. HP: 11/15 MP: 0/5
   208 | D:1      | Reached skill level 4 in Earth Magic
   478 | D:1      | Reached XP level 3. HP: 19/19 MP: 3/6
   483 | D:1      | Learned a level 3 spell: Stone Arrow
   486 | D:1      | Learned a level 2 spell: Passwall
  1278 | D:2      | Reached skill level 1 in Conjurations
  1482 | D:2      | You pick up a book of Death and begin reading...
  1482 | D:2      | You add the spells Animate Dead, Haunt and Infestation to
                  | your library.
  1617 | D:2      | Reached XP level 4. HP: 24/24 MP: 6/8
  1633 | D:2      | Noticed Robin
  1736 | D:2      | Reached skill level 3 in Spellcasting
  1745 | D:2      | Killed Robin
  1844 | D:2      | You pick up a book of Necromancy and begin reading...
  1844 | D:2      | You add the spells Necrotise, Vampiric Draining and Agony
                  | to your library.
  1878 | D:2      | You pick up a book of Hexes and begin reading...
  1878 | D:2      | You add the spells Inner Flame, Cause Fear and Discord to
                  | your library.
  2064 | D:3      | Reached skill level 2 in Conjurations
  2170 | D:3      | Reached skill level 5 in Earth Magic
  2170 | D:3      | Reached XP level 5. HP: 24/28 MP: 5/9
  2396 | D:3      | Noticed Grinder
  2894 | D:4      | Reached skill level 3 in Conjurations
  2903 | D:4      | Found an ornate altar of the Wu Jian Council.
  2996 | D:4      | Reached XP level 6. HP: 32/32 MP: 9/11
  3106 | D:4      | Found a sand-covered staircase.
  3115 | Ossuary  | Entered an ossuary
  3140 | Ossuary  | HP: 11/48 [human zombie (2)]
  3152 | Ossuary  | Reached skill level 4 in Spellcasting
  3154 | Ossuary  | HP: 7/32 [elf zombie (3)]
  3158 | Ossuary  | Reached skill level 6 in Earth Magic
  3264 | Ossuary  | Reached XP level 7. HP: 36/36 MP: 8/13
  3401 | Ossuary  | Reached skill level 4 in Conjurations
  3931 | D:4      | You pick up a book of Spatial Translocations and begin
                  | reading...
  3931 | D:4      | You add the spells Blink, Momentum Strike and Lesser
                  | Beckoning to your library.
  4178 | D:5      | Entered Level 5 of the Dungeon
  4284 | D:5      | Found a blossoming altar of Fedhas.
  4439 | D:5      | Found a staircase to the Ecumenical Temple.
  4479 | D:5      | Reached skill level 7 in Earth Magic
  4481 | D:5      | Reached skill level 5 in Spellcasting
  4481 | D:5      | Reached skill level 5 in Conjurations
  4491 | Temple   | Entered the Ecumenical Temple
  4771 | Temple   | Became a worshipper of Vehumet
  4968 | D:5      | Reached XP level 8. HP: 41/41 MP: 12/15
  5076 | D:5      | Found a basalt altar of Yredelemnul.
  5463 | D:6      | Reached skill level 6 in Conjurations
  5463 | D:6      | Reached skill level 8 in Earth Magic
  5463 | D:6      | Noticed a yak
  5463 | D:6      | Noticed a yak
  5464 | D:6      | Noticed a yak
  5467 | D:6      | Noticed a yak
  5468 | D:6      | Killed a yak
  5468 | D:6      | Noticed a yak
  5477 | D:5      | HP: 6/41 [yak (6)]
  5478 | D:5      | Killed a yak
  5479 | D:5      | Reached skill level 6 in Spellcasting
  5621 | D:6      | Noticed a yak
  5629 | D:5      | Killed a yak
  5630 | D:5      | Reached XP level 9. HP: 40/45 MP: 8/18
  5703 | D:5      | Reached skill level 7 in Conjurations
  5744 | D:5      | Reached skill level 9 in Earth Magic
  5919 | D:6      | Found an iron altar of Okawaru.
  6110 | D:6      | Reached * piety under Vehumet
  6110 | D:6      | Offered knowledge of Kiss of Death by Vehumet.
  6212 | D:6      | Found Wosily's Magic Scroll Emporium.
  6293 | D:6      | Reached skill level 7 in Spellcasting
  6525 | D:7      | Noticed a troll
  6532 | D:7      | Killed a troll
  6533 | D:7      | Reached skill level 8 in Conjurations
  6533 | D:7      | Reached skill level 10 in Earth Magic
  6618 | D:7      | Noticed Maggie
  6646 | D:7      | Killed Maggie
  6647 | D:7      | Reached skill level 8 in Spellcasting
  6647 | D:7      | Reached skill level 2 in Fighting
  6647 | D:7      | Reached XP level 10. HP: 53/53 MP: 9/22
  6655 | D:7      | Reached skill level 3 in Fighting
  6853 | D:7      | Found an opulent altar of Gozag.
  6856 | D:7      | Found a glowing silver altar of Zin.
  6904 | D:7      | Reached skill level 4 in Fighting
  7537 | D:7      | Reached skill level 5 in Fighting
  7624 | D:7      | Reached ** piety under Vehumet
  7632 | D:7      | Offered knowledge of Poisonous Vapours by Vehumet.
  7633 | D:7      | Reached skill level 6 in Fighting
  7890 | D:8      | Found a staircase to the Lair.
  7917 | D:8      | Reached skill level 7 in Fighting
  8023 | D:8      | Reached skill level 8 in Fighting
  8037 | D:8      | Reached skill level 9 in Fighting
  8406 | D:8      | Reached skill level 2 in Dodging
  8501 | D:8      | Identified the +0 leather armour of Ziheceas {+Blink rC-
                  | Will+}
  8606 | D:8      | You pick up a book of Armaments and begin reading...
  8606 | D:8      | You add the spells Animate Armour and Lehudib's Crystal
                  | Spear to your library.
  8711 | D:8      | Offered knowledge of Static Discharge by Vehumet.
  8809 | D:8      | Found a runed translucent door.
  8822 | D:8      | Learned a level 4 spell: Petrify
  8831 | D:8      | Learned a level 8 spell: Lehudib's Crystal Spear
  8905 | D:8      | Reached skill level 3 in Dodging
  8916 | D:8      | Reached XP level 11. HP: 43/71 MP: 12/23
  9009 | D:8      | Reached *** piety under Vehumet
  9159 | D:8      | Identified the +8 trident "Uryfua" {flame, Str+3 SInv}
  9583 | D:9      | Noticed Amaemon
  9586 | D:9      | Reached skill level 4 in Dodging
  9594 | D:9      | Killed Amaemon
  9599 | D:9      | Reached skill level 5 in Dodging
  9610 | D:9      | Noticed a two-headed ogre
  9742 | D:9      | Offered knowledge of Dazzling Flash by Vehumet.
  9791 | D:9      | Killed a two-headed ogre
 10013 | D:9      | Found a shimmering blue altar of Sif Muna.
 10041 | D:9      | Reached skill level 1 in Transmutations
 10170 | D:9      | Reached skill level 6 in Dodging
 10261 | D:9      | You pick up a book of the Wilderness and begin reading...
 10261 | D:9      | You add the spells Summon Forest, Summon Mana Viper and
                  | Summon Cactus Giant to your library.
 10346 | D:9      | Found a staircase to the Orcish Mines.
 10360 | D:9      | You pick up a book of Geomancy and begin reading...
 10513 | Lair:1   | Entered Level 1 of the Lair of Beasts
 10523 | Lair:1   | Reached skill level 2 in Transmutations
 10686 | D:8      | HP: 16/71 [elephant (9)]
 10701 | D:8      | Reached skill level 7 in Dodging
 11031 | Lair:1   | Found a runed translucent gate.
 11031 | Lair:1   | Found a runed translucent gate.
 11031 | Lair:1   | Found a runed translucent gate.
 11046 | Lair:1   | Noticed Uhykki's ghost (journeyman DjFE)
 11078 | Lair:1   | You pick up a book of Chaos and begin reading...
 11078 | Lair:1   | You add the spells Conjure Ball Lightning and Disjunction
                  | to your library.
 11096 | Lair:1   | Reached **** piety under Vehumet
 11125 | Lair:1   | Identified the +0 cloak "Cylig" {rElec Will+ rCorr Dex-5}
 11146 | Lair:1   | You pick up a book of the Moon and begin reading...
 11146 | Lair:1   | You add the spells Passage of Golubria and Silence to your
                  | library.
 11269 | Lair:1   | Noticed Grum
 11283 | Lair:1   | Killed Grum
 11293 | Lair:1   | Offered knowledge of Iskenderun's Battlesphere by Vehumet.
 11302 | Lair:1   | Reached skill level 8 in Dodging
 11307 | Lair:1   | Reached skill level 1 in Armour
 11310 | Lair:1   | Reached skill level 2 in Armour
 11515 | Lair:1   | Reached skill level 3 in Armour
 11622 | Lair:1   | Noticed a boulder beetle
 11817 | Lair:1   | Noticed a boulder beetle
 11819 | Lair:1   | Reached skill level 4 in Armour
 11819 | Lair:1   | Reached XP level 12. HP: 76/76 MP: 22/24
 11836 | Lair:1   | Killed a boulder beetle
 11837 | Lair:1   | Reached skill level 5 in Armour
 12311 | Lair:2   | Reached skill level 6 in Armour
 12486 | Lair:2   | Found a gate leading to a gauntlet.
 12493 | Lair:2   | Identified the +1 pair of gloves "Tonkypy" {-Cast Str+8}
 12945 | Lair:2   | Reached skill level 7 in Armour
 13386 | Lair:2   | Learned a level 5 spell: Iskenderun's Battlesphere
 13426 | Lair:3   | Reached skill level 8 in Armour
 13484 | Lair:3   | Noticed a death yak
 13488 | Lair:3   | Noticed a death yak
 13490 | Lair:3   | Noticed a death yak
 13495 | Lair:3   | Killed a death yak
 13501 | Lair:3   | HP: 4/76 [death yak (16)]
 13505 | Lair:3   | Killed a death yak
 13506 | Lair:3   | Reached skill level 9 in Armour
 13841 | Lair:3   | Found a staircase to the Snake Pit.
 13875 | Lair:3   | Reached skill level 10 in Armour
 13882 | Lair:3   | Reached ***** piety under Vehumet
 14179 | Lair:3   | Killed a death yak
 14372 | Lair:3   | Offered knowledge of Iron Shot by Vehumet.
 14373 | Lair:3   | Reached skill level 11 in Armour
 14612 | Lair:3   | Noticed Snorg
 14618 | Lair:3   | Killed Snorg
 15062 | Lair:3   | Noticed a six-headed hydra
 15232 | Lair:3   | Reached XP level 13. HP: 80/80 MP: 22/25
 15247 | Lair:3   | Found a staircase to the Shoals.
 15675 | Lair:4   | Noticed Nessos
 15682 | Lair:4   | Killed Nessos
 15712 | Lair:4   | Found a viscous altar of Jiyva.
 15713 | Lair:4   | Found a staircase to the Slime Pits.
 15746 | Lair:4   | Found a dark tunnel.
 15751 | Volcano  | Entered a volcano
 16119 | Volcano  | Reached skill level 9 in Conjurations
 16127 | Volcano  | HP: 18/80 [gargoyle/stone arrow (14)]
 16128 | Volcano  | Noticed a stone giant
 16129 | Volcano  | Hit by a large rock thrown by a stone giant

Vanquished Creatures
  Snorg (Lair:3)
  A boulder beetle (Lair:1)
  A two-headed ogre (D:9)
  3 death yaks (Lair:3)
  Amaemon (D:9)
  A skyshark (Lair:3)
  4 elephants
  A merfolk siren (Lair:3)
  2 black mambas
  2 gargoyles (Volcano)
  Maggie (D:7)
  An orange demon (D:9)
  A cane toad (Lair:3)
  An efreet (Volcano)
  2 rime drakes
  2 komodo dragons (Lair:2)
  2 trolls
  A polar bear (Lair:3)
  A slime creature (D:7)
  6 fire bats (Volcano)
  39 yaks
  5 basilisks
  Grum (Lair:1)
  2 steam dragons
  9 water moccasins
  3 black bears
  2 ice beasts (D:6)
  4 orc warriors
  2 sky beasts
  4 boggarts (Lair:3)
  13 wolves
  A phantom (D:5)
  6 kobold brigands
  A necrophage (D:6)
  An elf zombie (Ossuary)
  13 bullfrogs
  An earth elemental (Volcano)
  6 scorpions
  7 wights
  5 killer bees (D:8)
  7 lava snakes (Volcano)
  7 jellies
  7 orc priests
  A gnoll bouda (D:5)
  5 hounds
  2 human zombies (Ossuary)
  8 iguanas
  9 orc wizards
  8 hell rats (Lair:3)
  2 hound zombies (Ossuary)
  4 mummies (Ossuary)
  Robin (D:2)
  8 gnolls
  8 adders
  8 river rats (Lair:3)
  A white imp (D:5)
  An adder zombie (Ossuary)
  2 worms
  3 dart slugs
  52 orcs
  11 endoplasms
  3 giant cockroaches
  12 goblins
  16 hobgoblins
  6 jackals
  14 kobolds
  10 quokkas
  8 ball pythons
  6 bats
  7 frilled lizards
  2 gnoll zombies (Ossuary)
  3 goblin zombies (Ossuary)
  A kobold zombie (Ossuary)
  17 rats
420 creatures vanquished.

Vanquished Creatures (collateral kills)
  Nessos (Lair:4)
1 creature vanquished.

Vanquished Creatures (others)
  A wight (D:9)
  56 fungi
  58 plants
  6 toadstools (D:7)
121 creatures vanquished.

Grand Total: 542 creatures vanquished

Table legend:
 A = Non-vault XP
 B = Vault XP
 C = Vault XP percentage of total XP
 D = Non-vault monster count
 E = Vault monster count
 F = Vault count percentage of total count
                 A         B        C        D         E       F
            +---------+---------+-------+---------+---------+-------
      Total |   25730 |   11998 |  31.8 |     255 |     167 |  39.6
            +---------+---------+-------+---------+---------+-------
        D:1 |      43 |       6 |  12.2 |      24 |       3 |  11.1
        D:2 |      40 |      41 |  50.6 |      21 |      14 |  40.0
        D:3 |     136 |       4 |   2.9 |      22 |       3 |  12.0
        D:4 |     168 |       0 |   0.0 |      13 |       0 |   0.0
        D:5 |    1570 |     208 |  11.7 |      21 |       6 |  22.2
        D:6 |    1065 |     359 |  25.2 |      22 |       4 |  15.4
        D:7 |    1080 |    1237 |  53.4 |      18 |      18 |  50.0
        D:8 |    2770 |    1334 |  32.5 |      23 |      34 |  59.6
        D:9 |    2081 |    1159 |  35.8 |      23 |       2 |   8.0
     Lair:1 |    5585 |     519 |   8.5 |      22 |       4 |  15.4
     Lair:2 |    2819 |     179 |   6.0 |      13 |       1 |   7.1
     Lair:3 |    6923 |    2792 |  28.7 |      25 |      44 |  63.8
     Lair:4 |    1450 |    1051 |  42.0 |       8 |       1 |  11.1
    Ossuary |       0 |     296 | 100.0 |       0 |      16 | 100.0
    Volcano |       0 |    2813 | 100.0 |       0 |      17 | 100.0
            +---------+---------+-------+---------+---------+-------

Illustrated notes

Table legend:
 A = Kills in this place as a percentage of kills in entire the game.
 B = Kills by you in this place as a percentage of kills by you in the entire game.
 C = Kills by friends in this place as a percentage of kills by friends in the entire game.
 D = Other kills in this place as a percentage of other kills in the entire game.
 E = Experience gained in this place as a percentage of experience gained in the entire game.
 F = Experience gained in this place divided by the number of levels of this place that you have seen.
                   A       B       C       D       E      F
               +-------+-------+-------+-------+-------+----------------------
         Total | 100.0 | 100.0 | 100.0 | 100.0 | 100.0 | 2358.0
       Dungeon |  64.2 |  64.3 |   0.0 | 100.0 |  35.3 | 1477.9
          Lair |  28.0 |  27.9 | 100.0 |   0.0 |  56.5 | 5329.5
       Ossuary |   3.8 |   3.8 |   0.0 |   0.0 |   0.8 | 296.0
       Volcano |   4.0 |   4.0 |   0.0 |   0.0 |   7.5 | 2813.0
               +-------+-------+-------+-------+-------+----------------------

Table legend: (Time is in decaauts)
 A = Elapsed time spent in this place.
 B = Non-inter-level travel time spent in this place.
 C = Inter-level travel time spent in this place.
 D = Time resting spent in this place.
 E = Time spent auto-exploring this place.
 F = Levels seen in this place.
 G = Mean time per level.
                   A        B        C        D        E       F      G
               +--------+--------+--------+--------+--------+-----+--------+
         Total |  16477 |  15534 |    943 |   1612 |  11298 |  16 | 1029.8 |
       Dungeon |  10379 |   9753 |    626 |    998 |   7130 |   9 | 1153.2 |
        Temple |    305 |    269 |     36 |      0 |    253 |   1 |  305.0 |
          Lair |   5064 |   4784 |    280 |    434 |   3569 |   4 | 1266.0 |
       Ossuary |    343 |    343 |      0 |     65 |    185 |   1 |  343.0 |
       Volcano |    383 |    383 |      0 |    115 |    161 |   1 |  383.0 |
               +--------+--------+--------+--------+--------+-----+--------+

Top non-repeatable levels by time:
  Lair:3: 2180 daAuts
     D:8: 1899 daAuts
  Lair:1: 1508 daAuts
     D:5: 1407 daAuts
     D:7: 1386 daAuts
     D:1: 1179 daAuts
  Lair:2: 1128 daAuts
     D:4: 986 daAuts
     D:2: 917 daAuts
     D:3: 893 daAuts
     D:9: 857 daAuts
     D:6: 852 daAuts
 Volcano: 383 daAuts
 Ossuary: 343 daAuts
  Temple: 305 daAuts
